 Dungeon Crawl Stone Soup version 0.29-a0-284-gf9362112df (webtiles) character file.

Game seed: 18124619879789046021

229 NotOkHand the Chopper (level 5, -3/45 HPs)
             Began as a Minotaur Gladiator on Mar 18, 2022.
             Was a Follower of the Shining One.
             Slain by Eustachio
             ... wielding a +0 rapier
              (5 damage)
             ... on level 4 of the Dungeon on Mar 19, 2022.
             The game lasted 00:23:08 (2330 turns).

NotOkHand the Chopper (Minotaur Gladiator)          Turns: 2330, Time: 00:23:09

Health: -3/45      AC:  7    Str: 26    XL:     5   Next: 71%
Magic:  4/4        EV:  8    Int:  5    God:    the Shining One [*.....]
Gold:   210        SH: 11    Dex: 12    Spells: 4/4 levels left

rFire   + . .      SeeInvis .   a - +0 war axe
rCold   + . .      Faith    .   o - +0 tower shield
rNeg    . . .      Spirit   .   h - +0 ring mail
rPois   .          Reflect  .   c - +0 hat
rElec   .          Harm     .   t - scarf {rC+ rF+}
rCorr   .          Rampage  .   x - +0 pair of gloves
Will    .....                   j - +0 pair of boots
Stlth   +.........              (no amulet)
HPRegen 0.15/turn               y - +6 ring of strength
MPRegen 0.09/turn               s - +4 ring of slaying

@: glowing
A: horns 2, retaliatory headbutt
a: Renounce Religion, Divine Shield


You were on level 4 of the Dungeon.
You worshipped the Shining One.
The Shining One was aware of your devotion.
You visited 1 branch of the dungeon, and saw 4 of its levels.

You collected 210 gold pieces.

Inventory:

Hand Weapons
 a - a +0 war axe (weapon)
Missiles
 d - 3 throwing nets (quivered)
 e - a javelin
 C - 6 curare-tipped darts
Armour
 b - a +0 leather armour
 c - a +0 hat (worn)
 g - a +0 pair of gloves
 h - a +0 ring mail (worn)
 i - a +0 helmet
 j - a +0 pair of boots (worn)
 o - a +0 tower shield (worn)
 t - a scarf of resistance (worn)
 x - a +0 pair of gloves (worn)
Jewellery
 s - a +4 ring of slaying (right hand)
 y - a +6 ring of strength (left hand)
Wands
 B - a wand of iceblast (12)
Scrolls
 k - 2 scrolls of identify {unknown}
 l - a scroll of fog
 m - 4 scrolls of vulnerability {unknown}
 n - a scroll of teleportation {unknown}
 p - a scroll of fear {unknown}
 q - a scroll of amnesia {unknown}
 w - a scroll of immolation {unknown}
Potions
 f - a potion of curing {unknown}
 r - a potion of might {unknown}
 u - 2 potions of brilliance {unknown}
 v - a potion of ambrosia {unknown}
 z - a potion of magic {unknown}
 A - a potion of degeneration {unknown}


   Skills:
 + Level 3.2 Fighting
 + Level 6.0 Axes
 + Level 2.1 Throwing
 + Level 2.5 Armour
 + Level 4.1 Dodging
 + Level 1.5 Shields


You had 4 spell levels left.
You didn't know any spells.
Your spell library contained the following spells:

 Spells                   Type           Power      Damage    Failure   Level
 Call Canine Familiar     Summ           0%         N/A       100%        3
 Portal Projectile        Hex/Tloc       0%         N/A       100%        3
 Leda's Liquefaction      Hex/Erth       0%         N/A       100%        4


Dungeon Overview and Level Annotations

Branches:
Dungeon (4/15)
 Temple: D:4-7

Altars:
Xom
The Shining One

Shops:
D:4 !

Annotations:
D:4 Eustachio


Innate Abilities, Weirdness & Mutations

You have a pair of horns on your head.
You reflexively headbutt those who attack you in melee.


Message History

Eustachio is moderately wounded.
You barely miss the lemure. You hit the lemure. x2
You block the lemure's attack.
A kobold comes into view. It is wielding a +0 club.
You block the lemure's attack. The lemure barely misses you.
Eustachio barely misses you.
You closely miss Eustachio.
Eustachio is moderately wounded.
You barely miss the lemure.
The kobold shouts!
You hit the lemure. You hit the lemure but do no damage.
You hear a shout!
The lemure closely misses you. You furiously retaliate!
You headbutt the lemure!
You kill the lemure!
That felt strangely unrewarding.
The lemure hits you. The lemure barely misses you.
Eustachio mumbles some strange words.
The lemure hits you! You block Eustachio's attack. The lemure hits you.
You slash Eustachio! You headbutt Eustachio.
Eustachio is heavily wounded.
You slash the lemure! You barely miss the lemure. You slash the river rat!
You block the bat's attack. The lemure hits you but does no damage.
You block the lemure's attack. Eustachio hits you with a +0 rapier!
* * * LOW HITPOINT WARNING * * *
The river rat bites you but does no damage.
The lemure hits you.
* * * LOW HITPOINT WARNING * * *
The lemure misses you. Eustachio hits you with a +0 rapier.
* * * LOW HITPOINT WARNING * * *
You closely miss Eustachio.
Eustachio is heavily wounded.
You hit the lemure but do no damage. You hit the lemure. You hit the bat.
You hit the river rat. The bat hits you but does no damage.
You block the river rat's attack. The bat hits you.
* * * LOW HITPOINT WARNING * * *
The lemure closely misses you. The lemure hits you.
* * * LOW HITPOINT WARNING * * *
Eustachio hits you with a +0 rapier.
You die...

#.# ## ##+ #.## .# ....
#..# .+ 5... #..# .#
5.... #..### .# .....
#....# .#......
#...)###########'#...$..
#..............5....#
#.............b@....#
#.............r@5...#
#..............b....#
#......#'#####.K....#
#......#.....#......#
#......#.....#......#
#......#.....#........
#......###'###.........
#......#.....#.........


You could see Eustachio, 2 lemures, a river rat (summoned), 2 bats and a kobold.

Vanquished Creatures
  A black bear (D:4)
  2 lemures (D:4)
  Ijyb (D:4)
  An orc wizard (D:3)
  2 adders
  2 worms
  3 dart slugs
  3 orcs (D:3)
  8 ball pythons
  4 endoplasms
  A giant cockroach (D:2)
  7 goblins
  4 hobgoblins
  A quokka (D:1)
  4 bats (D:1)
  2 frilled lizards (D:1)
  5 kobolds
  6 rats
57 creatures vanquished.

Notes
Turn   | Place    | Note
-------+----------+-------------------------------------------
     0 | D:1      | NotOkHand the Minotaur Gladiator began the quest for the
                  | Orb.
     0 | D:1      | Reached XP level 1. HP: 18/18 MP: 0/0
    83 | D:1      | Reached skill level 4 in Axes
    93 | D:1      | Reached XP level 2. HP: 19/25 MP: 1/1
   362 | D:1      | Found a faded altar of an unknown god.
   379 | D:1      | Prayed at the altar of an unknown god.
   379 | D:1      | Became a worshipper of the Shining One
   379 | D:1      | Reached * piety under the Shining One
   594 | D:2      | Reached XP level 3. HP: 30/30 MP: 2/2
   628 | D:2      | Found a shimmering altar of Xom.
  1070 | D:3      | Reached skill level 5 in Axes
  1070 | D:3      | Reached XP level 4. HP: 32/37 MP: 3/3
  1583 | D:4      | Found Ugi Liush's Distillery.
  1816 | D:4      | Noticed Ijyb
  1826 | D:4      | Killed Ijyb
  1827 | D:4      | Reached skill level 1 in Armour
  1875 | D:4      | Noticed a black bear
  1884 | D:4      | HP: 1/37 [black bear (1)]
  1885 | D:4      | Killed a black bear
  1886 | D:4      | Reached skill level 6 in Axes
  1886 | D:4      | Reached skill level 1 in Shields
  1886 | D:4      | Reached XP level 5. HP: 2/45 MP: 4/4
  2316 | D:4      | Noticed a lemure
  2316 | D:4      | Noticed a lemure
  2317 | D:4      | Noticed a lemure
  2317 | D:4      | Noticed a lemure
  2317 | D:4      | Noticed Eustachio
  2326 | D:4      | Killed a lemure
  2328 | D:4      | Killed a lemure
  2330 | D:4      | HP: 2/45 [lemure[Pikel] (2)]
  2330 | D:4      | Slain by Eustachio

Illustrated notes

Levels and vault maps discovered:
D:1:      dpeg_arrival_leaves_temple_mockup, layout_rooms,
          ebering_ecumenical_altar_abandoned, hangedman_feature_mirror,
          minmay_splitting_lines
D:2:      layout_basic, basic_altar, kennysheep_crisscross
D:3:      layout_basic
D:4:      minmay_chambers_of_fours, layout_gridville, serial_shops, shop,
          uniq_ijyb, uniq_sigmund, uniq_edmund, uniq_eustachio, uniq_pikel

Skill      XL: |  1  2  3  4 |
---------------+-------------+-----
Axes           | 4 5 6 |  6.0
Dodging        | 4 |  4.1
Armour         | 2 |  2.5
Fighting       | 3 |  3.2
Shields        | 1 |  1.5
Throwing       | |  2.1

Action                   |  1- 3 |  4- 6 || total
-------------------------+-------+-------++-------
Melee: War axe           |    58 |    49 ||   107
       Headbutt          |     4 |     9 ||    13
       Punch             |     1 |       ||     1
  Use: Scroll            |     2 |       ||     2
Armor: Leather armour    |     1 |       ||     1
       Ring mail         |    25 |    35 ||    60
Dodge: Dodged            |    36 |    31 ||    67
Block: Tower shield      |     8 |    42 ||    50

Table legend: (Time is in decaauts)
 A = Elapsed time spent in this place.
 B = Non-inter-level travel time spent in this place.
 C = Inter-level travel time spent in this place.
 D = Time resting spent in this place.
 E = Time spent auto-exploring this place.
 F = Levels seen in this place.
 G = Mean time per level.
                   A        B        C        D        E       F      G
               +--------+--------+--------+--------+--------+-----+--------+
         Total |   2381 |    996 |   1385 |      0 |      0 |   4 |  595.2 |
       Dungeon |   2381 |    996 |   1385 |      0 |      0 |   4 |  595.2 |
               +--------+--------+--------+--------+--------+-----+--------+

Top non-repeatable levels by time:
     D:4: 774 daAuts
     D:3: 590 daAuts
     D:2: 578 daAuts
     D:1: 437 daAuts
